 Dungeon Crawl Stone Soup version 0.27.0-1-g7a089689b8 (webtiles) character file.

Game seed: 3313050311927307625

1180 theswoord the Cruncher (level 8, -6/56 HPs)
             Began as a Demonspawn Gladiator on Aug 6, 2021.
             Mangled by a hornet (14 damage)
             ... on level 5 of the Dungeon.
             The game lasted 00:08:34 (4563 turns).

theswoord the Cruncher (Demonspawn Gladiator)       Turns: 4563, Time: 00:08:34

Health: -6/56      AC:  8    Str: 16    XL:     8   Next: 19%
Magic:  8/8        EV:  7    Int: 11    God:
Gold:   205        SH:  0    Dex: 16    Spells: 7/7 levels left

rFire    + . .     SeeInvis .   a - +1 quarterstaff
rCold    + . .     Faith    .   (shield currently unavailable)
rNeg     . . .     Spirit   .   l - +0 chain mail
rPois    +         Reflect  .   (helmet unavailable)
rElec    +         Harm     .   (no cloak)
rCorr    +         Rampage  .   (no gloves)
Will     .....                  (no boots)
Stlth    ..........             o - amulet of the acrobat
HPRegen  0.18/turn              (no ring)
MPRegen  0.11/turn              (no ring)

@: resistant, slowed, very slow
A: horns 3, thin skeletal structure 1, ignite blood 1, powered by death 1
a: no special abilities


You were on level 5 of the Dungeon.
You visited 1 branch of the dungeon, and saw 5 of its levels.
You also visited: Sewer.

You collected 205 gold pieces.

Inventory:

Hand Weapons
 a - a +1 quarterstaff (weapon)
Missiles
 d - 2 throwing nets (quivered)
Armour
 b - a +0 leather armour
 c - a +0 helmet
 e - a +0 scale mail
 l - a +0 chain mail (worn)
Jewellery
 f - a ring of ice
 o - an amulet of the acrobat (around neck)
Scrolls
 h - a scroll of identify
 m - 3 scrolls of teleportation
 r - a scroll of magic mapping
 t - 3 scrolls of enchant weapon
Potions
 g - a potion of degeneration
 i - a potion of lignification
 j - 2 potions of heal wounds {unknown}
 k - 3 potions of cancellation {unknown}
 n - a potion of magic {unknown}
 p - a potion of might {unknown}
 v - a potion of haste {unknown}
 w - a potion of experience {unknown}


   Skills:
 - Level 2.0 Fighting
 + Level 9.4 Staves
 - Level 1.7 Throwing
 - Level 2.6 Dodging


You had 7 spell levels left.
You didn't know any spells.
Your spell library was empty.

Dungeon Overview and Level Annotations

Branches:
Dungeon (5/15)             Temple (0/1) D:5           Sewer (visited)

Altars:
Ashenzari
Fedhas
Gozag
Sif Muna
Yredelemnul
Zin

Shops:
D:2 [   D:3 (


Innate Abilities, Weirdness & Mutations

You have a pair of large horns on your head.
You have a somewhat thin skeletal structure. (Dex +2, Stealth+)
Your demonic aura sometimes causes spilled blood to erupt in flames.
You regenerate a little health from kills.


Message History

The hornet is moderately wounded.
The hornet barely misses you.
You barely miss the hornet. You headbutt the hornet.
The hornet is heavily wounded.
The hornet stings you!
You feel yourself slow down.
You barely miss the hornet. Your headbutt misses the hornet.
The hornet is heavily wounded.
You feel yourself speed up. The hornet stings you!
You feel yourself slow down. The hornet stings you!
* * * LOW HITPOINT WARNING * * *
You are poisoned.
You suddenly lose the ability to move!
You feel yourself speed up.
You feel very sick.
The hornet stings you but does no damage.
The hornet stings you.
* * * LOW HITPOINT WARNING * * *
You are lethally poisoned!
You shrug off the repeated paralysis!
* * * LOW HITPOINT WARNING * * *
You feel very sick.
The hornet stings you but does no damage.
You can move again.
You feel better. The hornet stings you.
* * * LOW HITPOINT WARNING * * *
You are poisoned.
You shrug off the repeated paralysis!
The hornet stings you.
* * * LOW HITPOINT WARNING * * *
You feel yourself slow down.
You feel protected.
* * * LOW HITPOINT WARNING * * *
You feel very sick. The hornet stings you.
* * * LOW HITPOINT WARNING * * *
You feel as though you will be slow longer.
The hornet stings you!
* * * LOW HITPOINT WARNING * * *
You are more poisoned.
You feel better. The hornet stings you!
You die...

.# #.#..#.###### *,**,,,,,,,,,,*
.# #.#.........# *,**,,,,,,,,,,*
##**#.#..#.####.###,**,,,,,,,,,,*
,,,,..#...........#,,*,,,,,,,,,,*
****###..#.####.#.#*,****+*******
*,,,,,#..#.####.#.#*,,* *,*
****,...,#......#.#**,**#+#***
+,,,....*####...#.# *,.$....,*
***####** #....@.# *,......,*
#####.# #...y### **......,*
#.....# #....######......,*
#.###.# #...............,,*
#.#.#.######............#+#***
#.#.......................#
..#.##.########...........#
###.##.##....#######.....>#
#.#.##.......# *#..(.#.#**


You could see a hornet.

Vanquished Creatures
  Grinder (D:3)
  Sigmund (D:4)
  An ogre (D:4)
  The ghost of coffeespoons the Shield-Bearer, an amateur GnWn (D:4)
  A water moccasin zombie (D:4)
  A scorpion (D:5)
  A water moccasin skeleton (D:3)
  A bullfrog zombie (D:5)
  An orc priest (D:4)
  A hound (D:5)
  A centaur skeleton (D:5)
  3 iguanas
  3 orc wizards
  A hound zombie (D:4)
  A hound skeleton (D:5)
  3 river rats (Sewer)
  5 adders
  2 worms
  A dart slug (D:2)
  12 orcs
  13 ball pythons
  5 bats
  5 endoplasms
  10 giant cockroaches
  6 goblins
  6 hobgoblins
  7 jackals (D:1)
  6 kobolds
  2 quokkas
  16 frilled lizards
  13 rats
131 creatures vanquished.

Notes
Turn   | Place    | Note
-------+----------+-------------------------------------------
     0 | D:1      | theswoord the Demonspawn Gladiator began the quest for the
                  | Orb.
     0 | D:1      | Reached XP level 1. HP: 16/16 MP: 1/1
   153 | D:1      | Reached skill level 3 in Staves
   163 | D:1      | Gained mutation: You regenerate a little health from kills.
                  | [demonic ancestry]
   163 | D:1      | Reached XP level 2. HP: 18/22 MP: 2/2
   782 | D:2      | Gained mutation: You have a somewhat thin skeletal
                  | structure. (Dex +2, Stealth+) [demonic ancestry]
   782 | D:2      | Reached XP level 3. HP: 27/27 MP: 3/3
   818 | D:2      | Reached skill level 4 in Staves
   882 | D:2      | Found Hoenog's Antique Armour Shop.
   887 | D:2      | Found a blossoming altar of Fedhas.
  1008 | D:2      | Reached XP level 4. HP: 21/33 MP: 4/4
  1457 | D:2      | Found a faded altar of an unknown god.
  1792 | D:3      | Found a broken altar of Ashenzari.
  1812 | D:3      | Reached skill level 5 in Staves
  1823 | D:3      | Gained mutation: You have a pair of small horns on your
                  | head. [demonic ancestry]
  1823 | D:3      | Reached XP level 5. HP: 22/38 MP: 5/5
  2049 | D:3      | Noticed Grinder
  2084 | D:3      | Paralysed by Grinder for 7 turns
  2104 | D:3      | Killed Grinder
  2105 | D:3      | Reached skill level 6 in Staves
  2105 | D:3      | Gained mutation: Your demonic aura sometimes causes spilled
                  | blood to erupt in flames. [demonic ancestry]
  2105 | D:3      | Reached XP level 6. HP: 44/44 MP: 6/6
  2213 | D:3      | Found Qimaxt's Antique Weapon Shop.
  2336 | D:3      | Found a shimmering blue altar of Sif Muna.
  2649 | D:4      | Noticed Sigmund
  2658 | D:4      | Killed Sigmund
  2659 | D:4      | Reached skill level 7 in Staves
  2659 | D:4      | Gained mutation: You have a pair of horns on your head.
                  | [demonic ancestry]
  2659 | D:4      | Reached XP level 7. HP: 38/50 MP: 7/7
  2990 | D:4      | Reached skill level 8 in Staves
  3164 | D:4      | Found a runed translucent gate.
  3164 | D:4      | Found a runed translucent gate.
  3164 | D:4      | Found a runed translucent gate.
  3164 | D:4      | Noticed coffeespoons's ghost (amateur GnWn)
  3180 | D:4      | Found a basalt altar of Yredelemnul.
  3205 | D:4      | Killed coffeespoons's ghost
  3306 | D:4      | Found a glowing drain.
  3321 | Sewer    | Entered a sewer
  4061 | D:5      | Entered Level 5 of the Dungeon
  4091 | D:5      | Reached skill level 9 in Staves
  4091 | D:5      | Gained mutation: You have a pair of large horns on your
                  | head. [demonic ancestry]
  4091 | D:5      | Reached XP level 8. HP: 56/56 MP: 8/8
  4137 | D:5      | Found an opulent altar of Gozag.
  4550 | D:5      | Noticed a hornet
  4558 | D:5      | Paralysed by a hornet for 3 turns
  4562 | D:5      | HP: 1/56 [hornet (9)]
  4563 | D:5      | Mangled by a hornet

Skill      XL: |  1  2  3  4  5  6  7 |
---------------+----------------------+-----
Staves         | 3 4 5 6 7 9 |  9.4
Fighting       | |  2.0
Throwing       | |  1.7
Dodging        | |  2.6

Action                   |  1- 3 |  4- 6 |  7- 9 || total
-------------------------+-------+-------+-------++-------
Melee: Quarterstaff      |   113 |    95 |   181 ||   389
       Headbutt          |       |     7 |    30 ||    37
Throw: Throwing net      |       |     1 |       ||     1
  Use: Scroll            |     2 |     3 |     3 ||     8
       Potion            |       |     3 |     4 ||     7
Armor: Scale mail        |    46 |       |       ||    46
       Chain mail        |     9 |    42 |    76 ||   127
       Skin              |       |     6 |       ||     6
Dodge: Dodged            |    69 |    40 |   100 ||   209

Levels and vault maps discovered:
D:1:      dpeg_arrival_snail, layout_basic
D:2:      layout_loops_ring, basic_altar, shapermc_ecumenical_altar_pompeii,
          serial_shops, shop, st_stairs_11, minmay_pentomino_x4
D:3:      layout_basic, lemuel_doored_altar, nicolae_ashenzari_panopticon,
          serial_shops, shop, serial_bayou_pond_a, st_stairs_1, uniq_grinder
D:4:      layout_basic, nicolae_yredelemnul_ghost_church, portal_sewer_entry_f,
          kennysheep_pointless_box, saegor_snake_ambush, uniq_sigmund
D:5:      layout_basic, grunt_temple_overflow_gold_and_silver,
          pdpol_wu_jian_five_deadly_venoms, lemuel_temple_firewalk_a,
          kennysheep_flooded_box, minmay_fractal_squares_diagonal_5
